 Dungeon Crawl Stone Soup version 0.18.1-48-g4cf74bf (webtiles) character file.

3947 tyrion the Covert (level 10, -8/55 HPs)
             Began as a Deep Elf Wizard on July 20, 2016.
             Was a Follower of Vehumet.
             Killed by the air
             ... invoked by Gastronok
              (38 damage)
             ... on level 8 of the Dungeon.
             The game lasted 00:30:13 (9731 turns).

tyrion the Covert (Deep Elf Wizard)                 Turns: 9731, Time: 00:30:14

Health: -8/55      AC:  6    Str:  7    XL:     10   Next: 2%
Magic:  15/23      EV: 14    Int: 24    God:    Vehumet [*.....]
Gold:   471        SH:  0    Dex: 13    Spells: 6 memorised, 11 levels left

rFire  . . .     SeeInvis .     M - +4 dagger
rCold  . . .     Gourm    .     y - +1 robe {rN+}
rNeg   + . .     Faith    .     (no shield)
rPois  .         Spirit   .     b - +0 hat
rElec  .         Dismiss  .     a - +0 cloak
rCorr  .         Reflect  .     k - +0 pair of gloves
SustAt .         Harm     .     B - +0 pair of boots
MR     ++...                    (no amulet)
Stlth  +++++.....               i - ring of stealth
                                r - ring of protection from magic

@: very resistant to hostile enchantments, quite stealthy
A: blink
a: Blink, Renounce Religion


You were on level 8 of the Dungeon.
You worshipped Vehumet.
Vehumet was aware of your devotion.
You were not hungry.

You visited 2 branches of the dungeon, and saw 9 of its levels.

You collected 471 gold pieces.

Inventory:

Hand Weapons
 M - a +4 dagger (weapon)
Armour
 a - a +0 cloak (worn)
 b - a +0 hat (worn)
 k - a +0 pair of gloves (worn)
 y - a +1 robe of positive energy (worn)
 B - a +0 pair of boots (worn)
 H - a +0 buckler
Jewellery
 f - an uncursed ring of protection from cold
 i - a ring of stealth (right hand)
 r - a ring of protection from magic (left hand)
 x - an uncursed ring of fire
 I - an uncursed ring of sustain attributes
 J - an uncursed ring of sustain attributes
Wands
 j - a wand of lightning (7/15)
 D - a wand of flame (23/48)
 F - a wand of digging (10/24)
Scrolls
 e - 4 scrolls of amnesia
 g - a scroll of recharging
 l - a scroll of noise {unknown}
 n - 4 scrolls of enchant weapon
 p - a scroll of fear
 q - 3 scrolls of remove curse
 s - 3 scrolls of identify
 t - 2 scrolls of teleportation
Potions
 h - 3 potions of curing
 m - 3 potions of cure mutation
 w - a potion of lignification {unknown}
 z - a potion of resistance {unknown}
 K - a potion of magic
Books
 c - a book of Minor Magic

   Spells                             Type                      Level
   a - Magic Dart                     Conjuration                  1
   b - Blink                          Translocation                2
   c - Call Imp                       Summoning                    2
   d - Repel Missiles                 Charms/Air                   2
   e - Slow                           Hexes                        2
   f - Conjure Flame                  Conjuration/Fire             3
   g - Mephitic Cloud                 Conjuration/Poison/Air       3
Comestibles
 d - 2 bread rations
 o - 2 fruits
 E - a meat ration
 G - a slice of pizza


   Skills:
 + Level 2.9 Fighting
 - Level 4.2 Short Blades
 - Level 5.5 Dodging
 * Level 9.5 Stealth
 * Level 4.2 Shields
 + Level 7.8 Spellcasting
 * Level 7.1 Conjurations
 - Level 1.1 Summonings
 - Level 1.1 Translocations
 - Level 2.2 Air Magic
 - Level 2.1 Poison Magic


You had 11 spell levels left.
You knew the following spells:

 Your Spells              Type           Power        Failure   Level  Hunger
a - Magic Dart            Conj           ####         1%          1    None
b - Blink                 Tloc           N/A          8%          2    None
c - Call Imp              Summ           ##......     8%          2    None
d - Repel Missiles        Chrm/Air       ##....       8%          2    None
e - Mephitic Cloud        Conj/Pois/Air  ####....     4%          3    None
f - Conjure Flame         Conj/Fire      ####....     4%          3    None


Dungeon Overview and Level Annotations

Branches:
Dungeon (8/15)             Temple (1/1) D:6
   Lair: D:8-11

Altars:
Ashenzari
Cheibriados
Dithmenos
Elyvilon
Fedhas
Gozag
Kikubaaqudgha
Makhleb
Nemelex Xobeh
Pakellas
Ru
Trog
Vehumet
Xom
Yredelemnul
Zin

Shops:
D:7 :(![

Annotations:
D:8 Gastronok


Innate Abilities, Weirdness & Mutations

You can translocate small distances at will.


Message History

Orders for allies: a - Attack new target. p - Attack previous target. r - Retreat! s - Stop attacking. w - Wait here. f - Follow me.
Anything else - Stay silent.
Gang up on whom?
Press: ? - help, Dir - move target cursor, f/p - Gastronok
Aim: Gastronok, wearing a hat Attack!
Your white imp gestures at Gastronok.
The puff of frost hits Gastronok.
Your crimson imp blinks!
Your white imp gestures at Gastronok.
The puff of frost hits Gastronok.
Gastronok waves his eye-stalks in wide circles.
The air twists around and strikes you!
Your crimson imp blinks!
Gastronok waves his eye-stalks in wide circles.
The air twists around and strikes you!
Ouch! That really hurt!
You die...

##..## #..##..##....##
###... #.# ##w..ยง....##..#
##.. #..#####.55....#####.##
#... ................#
#..####...
...............####...#..###
..........5............## #
##...........)..)####..#
##............### #.##
#.####...@...# ##.## #..
##......# ###.)(##### #.
##....####))..(.....
##...#...#)....####
##..)#####....# #..#(#
##.### #.#.##.# ### #.####
#.# #. ##


You could see Gastronok, a friendly crimson imp and 2 friendly white imps.

Vanquished Creatures
  Pikel (D:4)
  The ghost of Oblit the Shield-Bearer, a novice HOFi of Xom (D:7)
  Prince Ribbit (D:5)
  Grinder (D:5)
  Sigmund (D:3)
  Grum (D:8)
  An orc warrior (D:8)
  A sky beast (D:6)
  2 phantoms
  2 centaurs
  2 wolves (D:8)
  An ogre (D:7)
  A big kobold (D:8)
  Blork the orc (D:4)
  2 giant frogs
  Dowan (D:4)
  A scorpion (D:5)
  A water moccasin skeleton (D:8)
  6 killer bees (D:7)
  A crimson imp (D:8)
  A giant frog zombie (D:5)
  2 centaur zombies
  3 hounds
  Crazy Yiuf (D:3)
  5 orc priests
  3 orc wizards
  2 iguanas (D:6)
  4 worker ants
  4 adders
  2 shadow imps
  An ooze (D:4)
  An adder zombie (D:5)
  An adder skeleton (D:4)
  A worm (D:3)
  A dart slug (D:2)
  2 giant geckos
  30 orcs
  5 bats
  4 giant cockroaches
  13 goblins
  15 hobgoblins
  13 jackals
  3 quokkas
  2 ball pythons
  A giant gecko skeleton (D:5)
  3 giant newts
  15 kobolds
  A quokka skeleton (D:5)
  6 rats
174 creatures vanquished.

Vanquished Creatures (collateral kills)
  Duvessa (D:4)
  A slave (D:4)
  An ogre (D:8)
  2 killer bees (D:7)
  A crimson imp (D:6)
  A jelly (D:6)
  A quasit (D:5)
  Terence (D:3)
  An orc wizard (D:6)
  2 worker ants
  A worm (D:1)
  2 jackals (D:2)
15 creatures vanquished.

Vanquished Creatures (others)
  A shadow imp (D:6)
1 creature vanquished.

Grand Total: 190 creatures vanquished

Notes
Turn   | Place    | Note
--------------------------------------------------------------
     0 | D:1      | tyrion the Deep Elf Wizard began the quest for the Orb.
     0 | D:1      | Reached XP level 1. HP: 10/10 MP: 7/7
   278 | D:1      | Reached XP level 2. HP: 15/15 MP: 4/9
   292 | D:1      | Reached skill level 3 in Stealth
   296 | D:1      | Learned a level 2 spell: Blink
   299 | D:1      | Learned a level 2 spell: Call Imp
   302 | D:1      | Learned a level 2 spell: Repel Missiles
  1018 | D:1      | Reached XP level 3. HP: 20/20 MP: 6/11
  1121 | D:1      | Learned a level 3 spell: Mephitic Cloud
  1380 | D:2      | Reached skill level 1 in Air Magic
  2477 | D:2      | Reached XP level 4. HP: 24/24 MP: 8/12
  2712 | D:3      | Noticed Sigmund
  2721 | D:3      | Killed Sigmund
  2721 | D:3      | Reached skill level 4 in Stealth
  2721 | D:3      | Reached skill level 5 in Spellcasting
  2721 | D:3      | Reached XP level 5. HP: 28/28 MP: 8/14
  2810 | D:3      | Noticed Crazy Yiuf
  2828 | D:3      | Killed Crazy Yiuf
  3057 | D:3      | Found a faded altar to an unknown god.
  3075 | D:3      | Noticed Terence
  3095 | D:3      | Killed Terence
  3095 | D:3      | Reached XP level 6. HP: 33/33 MP: 7/15
  3456 | D:4      | Reached skill level 1 in Short Blades
  3593 | D:4      | Noticed Blork the orc
  3613 | D:4      | Killed Blork the orc
  3613 | D:4      | Reached skill level 1 in Fighting
  3646 | D:4      | Reached skill level 5 in Stealth
  3906 | D:4      | Found a sparkling altar of Nemelex Xobeh.
  3907 | D:4      | Found an opulent altar of Gozag.
  4022 | D:4      | Reached XP level 7. HP: 38/38 MP: 13/17
  4237 | D:4      | Noticed Duvessa
  4237 | D:4      | Noticed Dowan
  4301 | D:4      | Killed Dowan
  4304 | D:4      | Killed Duvessa
  4475 | D:4      | Noticed Pikel
  4540 | D:4      | Killed Pikel
  4540 | D:4      | Reached skill level 6 in Stealth
  4540 | D:4      | Reached skill level 1 in Shields
  4540 | D:4      | Reached XP level 8. HP: 32/43 MP: 5/19
  4669 | D:5      | Entered Level 5 of the Dungeon
  4989 | D:5      | Noticed Prince Ribbit
  5000 | D:5      | Killed Prince Ribbit
  5149 | D:5      | Reached skill level 5 in Conjurations
  5432 | D:5      | Reached skill level 5 in Dodging
  5850 | D:4      | Learned a level 3 spell: Conjure Flame
  5898 | D:5      | Noticed Grinder
  5900 | D:5      | Killed Grinder
  5964 | D:5      | Found an oddly glowing altar of Pakellas.
  5964 | D:5      | Found a sacrificial altar of Ru.
  6066 | D:5      | Reached skill level 7 in Stealth
  6596 | D:6      | Reached XP level 9. HP: 37/48 MP: 15/20
  6738 | D:6      | Found a staircase to the Ecumenical Temple.
  6797 | Temple   | Entered the Ecumenical Temple
  6877 | Temple   | Became a worshipper of Vehumet
  7539 | D:7      | Noticed Oblit's ghost (novice HOFi)
  7607 | D:7      | Killed Oblit's ghost
  7607 | D:7      | Reached skill level 8 in Stealth
  7727 | D:7      | Found Iqemumoe's Distillery.
  7749 | D:7      | Gained mutation: You can translocate small distances at will. [potion of beneficial mutation]
  7821 | D:7      | Found Widwitri's Weapon Shoppe.
  8121 | D:7      | Found a basalt altar of Yredelemnul.
  8468 | D:7      | Found Larawuecvea's Armour Boutique.
  8637 | D:7      | Found Qadatudd's Book Boutique.
  8741 | D:8      | Noticed Grum
  8768 | D:8      | Killed Grum
  8768 | D:8      | Reached skill level 9 in Stealth
  9254 | D:8      | Noticed Gastronok
  9261 | D:8      | HP: 2/49 [Gastronok/the air (25)]
  9451 | D:8      | Reached * piety under Vehumet
  9451 | D:8      | Offered knowledge of Shock by Vehumet.
  9521 | D:8      | Reached XP level 10. HP: 33/55 MP: 14/23
  9731 | D:8      | Killed from afar by Gastronok

Skill      XL: |  1  2  3  4  5  6  7  8  9 |
---------------+----------------------------+-----
Stealth        | 3 4 5 6 7 9 |  9.5
Air Magic      | 1 2 |  2.2
Conjurations   | 2 3 4 5 7 |  7.1
Spellcasting   | 5 6 7 |  7.8
Poison Magic   | 2 |  2.1
Short Blades   | 1 2 4 |  4.2
Dodging        | 3 4 5 |  5.5
Fighting       | 1 2 |  2.9
Shields        | 1 2 4 |  4.2
Summonings     | |  1.1
Translocations | |  1.1

Action                   |  1- 3 |  4- 6 |  7- 9 | 10-12 || total
-------------------------+-------+-------+-------+-------++-------
Melee: Unarmed           |    12 |       |       |       ||    12
       Dagger            |     7 |    69 |   271 |       ||   347
 Cast: Magic Dart        |   130 |    39 |   231 |    17 ||   417
       Call Imp          |     7 |     4 |    44 |     4 ||    59
       Mephitic Cloud    |       |    10 |    55 |     1 ||    66
       Repel Missiles    |       |     1 |       |       ||     1
       Blink             |       |       |     6 |       ||     6
       Conjure Flame     |       |       |     4 |       ||     4
 Abil: Blink             |       |       |     1 |       ||     1
Evoke: Wand              |       |       |     6 |       ||     6
  Use: Scroll            |       |       |    13 |       ||    13
       Potion            |       |       |     3 |       ||     3
 Stab: Confused          |       |     8 |    21 |       ||    29
       Sleeping          |       |     3 |    10 |       ||    13
  Eat: Chunk             |     4 |     5 |    10 |     1 ||    20
       Fruit             |       |       |     7 |       ||     7
       Pizza             |       |       |     1 |       ||     1
Armor: Robe              |     8 |    16 |    60 |       ||    84
Dodge: Dodged            |    37 |    36 |   184 |     4 ||   261
       Deflected         |       |       |     3 |       ||     3
